 Dungeon Crawl Stone Soup version 0.24.0-123-gd5b16e6ec5 (webtiles) character file.

Game seed: 14863127167323215092, levelgen mode: deterministic

3430 Curus the Martial Artist (level 9, -8/64 HPs)
             Began as a Demonspawn Gladiator on Jan 17, 2020.
             Was a Priest of Makhleb.
             Mangled by a spiny frog (17 damage)
             ... on level 1 of the Lair of Beasts.
             The game lasted 00:35:39 (8032 turns).

Curus the Martial Artist (Demonspawn Gladiator)     Turns: 8032, Time: 00:35:40

Health: -8/64      AC: 17    Str: 15    XL:     9   Next: 76%
Magic:  12/12      EV:  7    Int:  9    God:    Makhleb [***...]
Gold:   546        SH:  0    Dex: 20    Spells: 8/8 levels left

rFire    . . .     SeeInvis .     - Unarmed
rCold    . . .     Gourm    .   (no shield)
rNeg     . . .     Faith    .   w - +1 plate armour
rPois    .         Spirit   .   l - +2 hat
rElec    .         Reflect  .   (no cloak)
rCorr    .         Harm     .   (gloves unavailable)
MR       .....                  n - +2 pair of boots
Stlth    ..........             e - amulet of the acrobat
HPRegen  0.20/turn              (no ring)
MPRegen  0.13/turn              (no ring)

@: lethally poisoned (-8 -> -9)
A: antennae 1, claws 3, agile 1, nightstalker 1, sturdy frame 1
a: Minor Destruction, Lesser Servant of Makhleb, Renounce Religion


You were on level 1 of the Lair of Beasts.
You worshipped Makhleb.
Makhleb was most pleased with you.
You were not hungry.

You visited 3 branches of the dungeon, and saw 10 of its levels.

You collected 546 gold pieces.

Inventory:

Hand Weapons
 a - a +1 quarterstaff
Missiles
 d - a throwing net (quivered)
Armour
 b - a +0 leather armour
 c - a +2 helmet
 h - a +4 chain mail
 l - a +2 hat (worn)
 n - a +2 pair of boots (worn)
 w - a +1 plate armour (worn)
Jewellery
 e - an amulet of the acrobat (around neck)
 g - an uncursed amulet of magic regeneration
Wands
 j - a wand of disintegration (14)
 r - a wand of flame (37)
 u - a wand of iceblast (6)
 C - a wand of polymorph (10)
Scrolls
 k - 9 scrolls of amnesia
 o - a scroll of teleportation
 p - 2 scrolls of identify
 q - 5 scrolls of remove curse
 s - 4 scrolls of blinking
 t - 3 scrolls of enchant weapon
 v - 2 scrolls of fear
 y - 2 scrolls of enchant armour
Potions
 i - 2 potions of ambrosia
 m - 2 potions of heal wounds
 x - 4 potions of invisibility
 z - 2 potions of haste
Comestibles
 f - 20 rations


   Skills:
 - Level 3.6 Fighting
 - Level 5.2 Staves
 - Level 1.7 Throwing
 - Level 2.5 Armour
 - Level 2.6 Dodging
 - Level 10.1 Unarmed Combat
 + Level 4.6 Invocations
 + Level 3.4 Evocations


You had 8 spell levels left.
You didn't know any spells.
Your spell library contained the following spells:

 Spells                   Type           Power        Failure   Level  Hunger
 Magic Dart               Conj           #...         100%        1    ##.....
 Searing Ray              Conj           #.....       100%        2    ###....
 Dazzling Spray           Conj/Hex       #.....       100%        3    ####...
 Force Lance              Conj/Tloc      #.......     100%        4    #####..
 Fulminant Prism          Conj/Hex       #.........   100%        4    #####..
 Iskenderun's Mystic Bla  Conj           #.......     100%        4    #####..


Dungeon Overview and Level Annotations

Branches:
Dungeon (8/15)             Temple (1/1) D:5            Lair (1/6) D:8

Altars:
Dithmenos
Gozag
Kikubaaqudgha
Makhleb
Okawaru
Qazlal
Xom
The Shining One

Shops:
D:5 }   D:6 %   D:8 *


Innate Abilities, Weirdness & Mutations

You have claws for hands.
You are slightly more attuned to the shadows.
Your movements are slightly less encumbered by armour. (ER -2)
You have a pair of small antennae on your head.
You are agile. (Dex +2)


Message History

You scratch the spiny frog.
The spiny frog is lightly wounded.
You feel sick.
The spiny frog stings you but does no damage.
The crocodile bites you.
You scratch the spiny frog.
The spiny frog is lightly wounded.
The spiny frog stings you but does no damage.
The crocodile bites you but does no damage.
Okay, then.
Unknown command.
Unknown command.
You scratch the spiny frog.
The spiny frog is moderately wounded.
The spiny frog stings you.
* * * LOW HITPOINT WARNING * * *
The crocodile bites you.
* * * LOW HITPOINT WARNING * * *
A demon appears!
You feel sick. The spiny frog stings you!
You die...

.....# .. #.......
. +.%..#. .. ...
#......... ....
#....#.... ....
#...F3....
.....#..@t#
.....#....###
..............
PP##.#........
..............?
...............
...............
............####
............#......


You could see a spiny frog, a crocodile and a friendly neqoxec.

Vanquished Creatures
  A spiny frog (Lair:1)
  3 porcupines (Lair:1)
  A water moccasin (Lair:1)
  3 sky beasts
  An orc warrior (D:6)
  A phantom (D:4)
  3 ogres
  3 centaurs
  A big kobold (D:8)
  4 bullfrogs
  A wyvern zombie (D:6)
  2 scorpions
  A howler monkey (D:5)
  4 crimson imps
  4 hounds
  2 jellies (D:7)
  2 bullfrog zombies
  4 orc wizards
  A centaur skeleton (D:5)
  4 orc priests
  2 bullfrog skeletons (D:7)
  Terence (D:3)
  An iguana (D:4)
  4 hell rats
  3 worker ants
  A worker ant zombie (D:7)
  4 river rats (D:7)
  8 adders
  5 shadow imps
  An ooze (D:2)
  An adder skeleton (D:7)
  A worm (D:3)
  3 dart slugs
  7 leopard geckos
  15 orcs
  A ball python (D:6)
  5 giant cockroaches
  10 goblins
  10 hobgoblins
  14 jackals
  17 kobolds
  8 quokkas
  7 bats
  5 frilled lizards
  A quokka zombie (D:7)
  34 rats
215 creatures vanquished.

Vanquished Creatures (others)
  7 toadstools (D:1)
7 creatures vanquished.

Grand Total: 222 creatures vanquished

Notes
Turn   | Place    | Note
-------+----------+-------------------------------------------
     0 | D:1      | Curus the Demonspawn Gladiator began the quest for the Orb.
     0 | D:1      | Reached XP level 1. HP: 16/16 MP: 1/1
   145 | D:1      | Gained mutation: Your movements are slightly less
                  | encumbered by armour. (ER -2) [demonic ancestry]
   145 | D:1      | Reached XP level 2. HP: 21/22 MP: 2/2
   487 | D:1      | Gained mutation: You have sharp fingernails. [demonic
                  | ancestry]
   487 | D:1      | Reached XP level 3. HP: 27/27 MP: 3/3
  1229 | D:2      | Gained mutation: You are slightly more attuned to the
                  | shadows. [demonic ancestry]
  1229 | D:2      | Reached XP level 4. HP: 33/33 MP: 4/4
  1261 | D:2      | Found an ancient bone altar of Kikubaaqudgha.
  1650 | D:2      | Found an opulent altar of Gozag.
  1815 | D:3      | Reached skill level 5 in Staves
  1948 | D:3      | Found a glowing golden altar of the Shining One.
  1980 | D:3      | Gained mutation: You have very sharp fingernails. [demonic
                  | ancestry]
  1980 | D:3      | Reached XP level 5. HP: 24/38 MP: 5/5
  2189 | D:3      | Noticed Terence
  2197 | D:3      | Killed Terence
  2197 | D:3      | Reached skill level 1 in Unarmed Combat
  2619 | D:4      | You fall into a shaft and drop 2 floors!
  2630 | D:6      | Noticed an ogre
  2643 | D:6      | Killed an ogre
  2643 | D:6      | Reached skill level 3 in Unarmed Combat
  2643 | D:6      | Reached XP level 6. HP: 23/44 MP: 6/6
  2698 | D:5      | Entered Level 5 of the Dungeon
  2698 | D:5      | Found a staircase to the Ecumenical Temple.
  2707 | Temple   | Entered the Ecumenical Temple
  2717 | Temple   | Became a worshipper of Makhleb the Destroyer
  3130 | D:4      | Reached skill level 4 in Unarmed Combat
  3332 | D:4      | Found a stormy altar of Qazlal.
  3741 | D:4      | Found a shadowy altar of Dithmenos.
  3765 | D:4      | Reached XP level 7. HP: 44/50 MP: 7/7
  4004 | D:5      | Reached skill level 5 in Unarmed Combat
  4101 | D:5      | Reached skill level 6 in Unarmed Combat
  4355 | D:5      | Reached skill level 7 in Unarmed Combat
  4551 | D:5      | Found Gunnomem's Gadget Boutique.
  4927 | D:5      | Reached XP level 8. HP: 53/56 MP: 8/8
  5334 | D:6      | Reached * piety under Makhleb
  5345 | D:6      | Found Fatwy's Food Shoppe.
  5348 | D:6      | Found an iron altar of Okawaru.
  5460 | D:6      | Gained mutation: You have a pair of small antennae on your
                  | head. [potion of mutation]
  5460 | D:6      | Gained mutation: You are agile. (Dex +2) [potion of
                  | mutation]
  5515 | D:6      | Found an iron altar of Okawaru.
  5579 | D:6      | Found an iron altar of Okawaru.
  5608 | D:6      | Reached skill level 8 in Unarmed Combat
  6312 | D:7      | Reached skill level 9 in Unarmed Combat
  6331 | D:7      | Reached ** piety under Makhleb
  6417 | D:7      | Gained mutation: You have claws for hands. [demonic
                  | ancestry]
  6417 | D:7      | Reached XP level 9. HP: 61/61 MP: 9/9
  6691 | D:7      | Reached skill level 10 in Unarmed Combat
  6743 | D:7      | Reached skill level 1 in Armour
  6971 | D:7      | Reached *** piety under Makhleb
  7330 | D:8      | Found Wuvaim's Assorted Antiques.
  7430 | D:8      | Found a staircase to the Lair.
  7448 | Lair:1   | Entered Level 1 of the Lair of Beasts
  7477 | Lair:1   | Noticed a spiny frog
  7490 | Lair:1   | Killed a spiny frog
  7699 | Lair:1   | Noticed a spiny frog
  7957 | Lair:1   | Found a shimmering altar of Xom.
  8032 | Lair:1   | Mangled by a spiny frog

Levels and vault maps discovered:
D:1:      nagdon_arrival_double_spiral, layout_loops_ring,
          minmay_misc_feat_pillars, chequers_decorated_corner
D:2:      minmay_razor_zed, layout_loops_ring, lemuel_round_altar, hex_large,
          minmay_misc_feat_doors, grunt_gozag_breadcrumbs
D:3:      layout_basic, overflow_temple_1_default, first_ration, nrook_uturn,
          uniq_terence
D:4:      layout_loops_ring, lemuel_round_altar, grunt_qazlal_clouds,
          hangedman_feature_mirror
D:5:      layout_layer_cave, minmay_temple_entry_junction, serial_shops,
          nicolae_shop_behind_doors
D:6:      layout_basic, lemuel_crystal_altar, serial_shops, shop,
          hangedman_feature_mirror, minmay_strange_pillars, minmay_holes
D:7:      lemuel_ratsnest, layout_basic
D:8:      layout_rooms, kennysheep_mini, lair_entry_dummy, serial_shops,
          nicolae_shop_crystal
Temple:   nicolae_temple_god_jail
Lair:1:   layout_regular_city, basic_altar, minmay_lair_oklob_chamber

Skill      XL: |  1  2  3  4  5  6  7  8  9 |
---------------+----------------------------+-----
Staves         | 3 4 5 |  5.2
Unarmed Combat | 3 4 7 9 10 | 10.1
Armour         | 2 |  2.5
Fighting       | 3 |  3.6
Invocations    | 4 |  4.6
Evocations     | 3 |  3.4
Throwing       | |  1.7
Dodging        | |  2.6

Action                   |  1- 3 |  4- 6 |  7- 9 || total
-------------------------+-------+-------+-------++-------
Melee: Quarterstaff      |   136 |   227 |    20 ||   383
       Unarmed           |       |       |   372 ||   372
       Punch             |       |       |    12 ||    12
Throw: Throwing net      |       |       |     4 ||     4
Invok: Minor Destruction |       |       |     1 ||     1
       Lesser Servant of |       |       |     1 ||     1
Evoke: Wand              |       |       |     1 ||     1
  Use: Potion            |     3 |     5 |     5 ||    13
       Scroll            |     7 |     6 |     6 ||    19
 Stab: Held in net/web   |       |       |     1 ||     1
  Eat: Chunk             |     1 |     8 |     8 ||    17
       Ration            |       |       |     2 ||     2
Armor: Leather armour    |    22 |       |       ||    22
       Chain mail        |    19 |   142 |    59 ||   220
       Plate armour      |       |       |    98 ||    98
Dodge: Dodged            |    93 |   129 |   103 ||   325
